 Dungeon Crawl Stone Soup version 0.25-a0-834-g55863b0b92 (webtiles) character file.

Game seed: 8846517128915581476, levelgen mode: deterministic

77 Anathary the Firebug (level 4, 0/30 HPs)
             Began as a Demonspawn Fire Elementalist on Apr 23, 2020.
             Slain by a worm (10 damage)
             ... on level 2 of the Dungeon.
             The game lasted 00:10:37 (2256 turns).

Anathary the Firebug (Demonspawn Fire Elementalist) Turns: 2256, Time: 00:10:38

Health: 0/30       AC:  2    Str:  8    XL:     4   Next: 14%
Magic:  6/8        EV: 12    Int: 17    God:
Gold:   48         SH:  0    Dex: 14    Spells: 7/8 levels left

rFire    . . .     SeeInvis .   m - +2 whip (elec)
rCold    . . .     Gourm    .   (no shield)
rNeg     . . .     Faith    .   a - +0 robe
rPois    .         Spirit   .   (helmet restricted)
rElec    .         Reflect  .   (no cloak)
rCorr    .         Harm     .   (no gloves)
MR       .....                  (no boots)
Stlth    +++.......             (no amulet)
HPRegen  0.10/turn              (no ring)
MPRegen  0.11/turn              (no ring)

@: no status effects
A: horns 1, nightstalker 1
a: no special abilities


You were on level 2 of the Dungeon.
You were not hungry.

You visited 1 branch of the dungeon, and saw 2 of its levels.

You collected 48 gold pieces.

Inventory:

Hand Weapons
 d - a +3 dagger of freezing
 m - a +2 whip of electrocution (weapon)
Armour
 a - a +0 robe (worn)
Jewellery
 g - an uncursed amulet of guardian spirit {unknown}
Scrolls
 b - 4 scrolls of remove curse {unknown}
 e - a scroll of fear {unknown}
 f - a scroll of enchant weapon {unknown}
 h - a scroll of teleportation {unknown}
 i - 2 scrolls of blinking {unknown}
 k - a scroll of identify {unknown}
 l - 3 scrolls of fog {unknown}
 p - 2 scrolls of enchant armour {unknown}
 r - a scroll of magic mapping {unknown}
 s - a scroll of amnesia {unknown}
Potions
 j - a potion of magic {unknown}
 n - a potion of flight {unknown}
 q - a potion of ambrosia {unknown}
Comestibles
 c - 3 rations


   Skills:
 + Level 0.2 Fighting
 + Level 0.1 Maces & Flails
 - Level 1.9 Dodging
 - Level 1.7 Stealth
 - Level 0.1 Unarmed Combat
 + Level 2.8 Spellcasting
 + Level 1.7 Conjurations
 + Level 3.5 Fire Magic


You had 7 spell levels left.
You knew the following spells:

 Your Spells              Type           Power        Failure   Level  Hunger
a - Foxfire               Conj/Fire      ##..         6%          1    #......

Your spell library contained the following spells:

 Spells                   Type           Power        Failure   Level  Hunger
 Conjure Flame            Conj/Fire      ##......     19%         3    ###....
 Inner Flame              Hex/Fire       #.......     26%         3    ###....
 Sticky Flame             Conj/Fire      ##......     52%         4    #####..
 Fireball                 Conj/Fire      ##........   86%         5    ######.


Dungeon Overview and Level Annotations

Branches:
Dungeon (2/15)

Altars:
Hepliaklqana


Innate Abilities, Weirdness & Mutations

You have a pair of small horns on your head.
You are slightly more attuned to the shadows.


Message History

The worm is lightly wounded.
The foxfire hits the worm.
The worm is lightly wounded.
The foxfire hits the worm.
The worm is moderately wounded.
The worm bites you.
You hit the worm.
The worm is moderately wounded.
You barely miss the worm. You headbutt the worm.
The worm is moderately wounded.
The worm bites you!
You hit the worm. You headbutt the worm.
The worm is heavily wounded.
You hit the worm.
The worm is severely wounded.
The worm bites you!
You hit the worm. You headbutt the worm.
The worm is almost dead.
The worm bites you!
You die...

#..#.#..######
#..#.#.......#
#..#8#..####.#
##...........#
########.##..####.#
..................
########.##..#### #.##..#
#.##@w# #.##.......
#.######### #.# #####.##
#....#.########### #
##...###†.........#
#.######.###.#.#########.#
#....##.## #.. #.#


You could see a worm.

Vanquished Creatures
  4 adders (D:2)
  An ooze (D:1)
  A dart slug (D:2)
  7 bats
  2 giant cockroaches
  3 goblins (D:1)
  4 hobgoblins (D:1)
  2 jackals (D:1)
  A quokka (D:2)
  3 frilled lizards
  3 kobolds
  4 rats
35 creatures vanquished.

Vanquished Creatures (others)
  70 foxfires
70 creatures vanquished.

Grand Total: 105 creatures vanquished

Notes
Turn   | Place    | Note
-------+----------+-------------------------------------------
     0 | D:1      | Anathary the Demonspawn Fire Elementalist began the quest
                  | for the Orb.
     0 | D:1      | Reached XP level 1. HP: 13/13 MP: 3/3
   155 | D:1      | Reached skill level 3 in Fire Magic
   278 | D:1      | Gained mutation: You have a pair of small horns on your
                  | head. [demonic ancestry]
   278 | D:1      | Reached XP level 2. HP: 7/19 MP: 1/5
  1490 | D:2      | Gained mutation: You are slightly more attuned to the
                  | shadows. [demonic ancestry]
  1490 | D:2      | Reached XP level 3. HP: 24/24 MP: 4/6
  2002 | D:2      | Reached XP level 4. HP: 30/30 MP: 5/8
  2229 | D:2      | Found a hazy altar of Hepliaklqana.
  2256 | D:2      | Slain by a worm

Levels and vault maps discovered:
D:1:      enne_arrival_octagon_isle, layout_basic, minmay_misc_feat_diagonals
D:2:      layout_loops_corners, lemuel_statue_altar

Skill      XL: |  1 |
---------------+----+-----
Fire Magic     | 3 |  3.5
Fighting       | |  0.2
Maces & Flails | |  0.1
Dodging        | |  1.9
Stealth        | |  1.7
Unarmed Combat | |  0.1
Spellcasting   | |  2.8
Conjurations   | |  1.7

Action                   |  1- 3 |  4- 6 || total
-------------------------+-------+-------++-------
Melee: Unarmed           |     7 |       ||     7
       Dagger            |    20 |       ||    20
       Whip              |     7 |     7 ||    14
       Headbutt          |     2 |     3 ||     5
 Cast: Foxfire           |    44 |     5 ||    49
 Stab: Sleeping          |     1 |       ||     1
  Eat: Ration            |     1 |     1 ||     2
Armor: Robe              |     5 |       ||     5
Dodge: Dodged            |    36 |     1 ||    37

Table legend:
 A = Non-vault XP
 B = Vault XP
 C = Vault XP percentage of total XP
 D = Non-vault monster count
 E = Vault monster count
 F = Vault count percentage of total count
                 A         B        C        D         E       F
            +---------+---------+-------+---------+---------+-------
      Total |     111 |       0 |   0.0 |      35 |       0 |   0.0
            +---------+---------+-------+---------+---------+-------
        D:1 |      38 |       0 |   0.0 |      19 |       0 |   0.0
        D:2 |      73 |       0 |   0.0 |      16 |       0 |   0.0
            +---------+---------+-------+---------+---------+-------
